 Dungeon Crawl Stone Soup version 0.31.0-12-g77e489cdc1 (webtiles) character file.

Game seed: 4741570828257640717

55 Naukatti the Poker (level 3, 0/30 HPs)
             Began as a Merfolk Berserker on Feb 16, 2024.
             Was a Believer of Trog.
             Slain by Sigmund
             ... wielding a +0 scythe
              (13 damage)
             ... on level 2 of the Dungeon.
             The game lasted 00:08:31 (2182 turns).

Naukatti the Poker (Merfolk Berserker)              Turns: 2182, Time: 00:08:31

Health: 0/30       AC:  0    Str: 19    XL:     3   Next: 93%
Magic:  3/3        EV: 20    Int:  6    God:    Trog [**....]
Gold:   16         SH:  0    Dex: 18    Spells: 2/2 levels left

rFire   . . .        a - melded +0 spear
rCold   . . .        h - melded +0 kite shield
rNeg    . . .        b - melded +0 animal skin
rPois   .            (helmet currently unavailable)
rElec   .            (cloak currently unavailable)
rCorr   .            (gloves currently unavailable)
SInv    .            (boots currently unavailable)
Will    +....        (no amulet)
Stlth   +            (ring currently unavailable)
HPRegen 0.25/turn    (ring currently unavailable)
MPRegen 0.08/turn

%: no passive effects
@: confused, bat-form, enlightened, flying, very quick
A: fast, flying, no casting, tiny, (nimble swimmer 2), (mertail)
a: Renounce Religion, Berserk, Trog's Hand


You were on level 2 of the Dungeon.
You worshipped Trog.
Trog was pleased with you.
You were a bat.
You visited 1 branch of the dungeon, and saw 2 of its levels.

You collected 16 gold pieces.

Inventory:

Hand Weapons
 a - a +0 spear (melded)
 e - a +0 whip
Armour
 b - a +0 animal skin (melded)
 h - a +0 kite shield (melded)
Scrolls
 d - 2 scrolls of identify {unknown}
 f - a scroll of brand weapon {unknown}
Potions
 g - a potion of brilliance {unknown}


   Skills:
 + Level 3.7 Fighting
 + Level 5.3 Polearms
 + Level 1.5 Armour
 + Level 3.2 Dodging
 + Level 0.6 Stealth


You had 2 spell levels left.
You didn't know any spells.
Your spell library was empty.

Dungeon Overview and Level Annotations

Branches:
Dungeon (2/15)

Altars:

Annotations:
D:2 Sigmund


Innate Abilities, Weirdness & Mutations

You are a bat.
You are tiny and dextrous.
You move quickly.
You are flying.
Your equipment is almost entirely melded.
You are incapable of wielding weapons or throwing items.
You cannot cast spells.
((You are very nimble when in or above water. (Stealth+, EV+, Speed+++)))
((Your lower body shifts to a powerful aquatic tail in water.))


Message History

Sigmund flickers and vanishes!
Deactivating autopickup; reactivate with Ctrl-A.
You continue putting on your +0 kite shield.
A magic dart appears from out of thin air!
The magic dart hits you!
You continue putting on your +0 kite shield. x2
You finish putting on your +0 kite shield.
You hear a zap.
You turn into a bat.
Your +0 spear melds into your body.
Your +0 kite shield melds into your body.
Your +0 animal skin melds into your body.
A goblin comes into view. It is wielding a +0 dagger.
Something hits you!
The goblin moves out of view.
The goblin shouts!
You hit something.
You hear some strange, mumbled words.
A magic dart appears from out of thin air!
The magic dart hits you.
* * * LOW HITPOINT WARNING * * *
It was a potion of enlightenment.
You feel more buoyant. Something hits you.
* * * LOW HITPOINT WARNING * * *
It was a potion of heal wounds.
You feel much better.
You hit something but do no damage. Something hits you!
You hit something. Something hits you!
You hit something.
It was a potion of curing.
You feel better. Something closely misses you. The goblin misses you.
You barely miss something. The goblin closely misses you. Something hits you.
You closely miss something. The goblin closely misses you.
You miss something.
You hear some strange, mumbled words.
You are confused.
The goblin closely misses you.
You closely miss something. Something barely misses you.
The goblin barely misses you.
You bump into the rock wall.
The goblin hits you with a +0 dagger. Something hits you!
You die...

...#....## ##.
#.#.#....#..## ###..#
#.. #..#.....## ......#
#.. #.....#...#
.......###.###.###...#.#
........##.#...# ###....
........#..#.### #....
........#..#.# #..##
......gb#.#..# ##.##
......{......### #...
........#......### ##..
.......#..####...# #..
#.........# ###.#####.#
####.###..# #.).......
... #..# #......... .^##
#..# #......... .. #.##
#.........


You could see a goblin.

Vanquished Creatures
  5 dart slugs
  2 ball pythons (D:1)
  4 bats
  4 endoplasms (D:1)
  4 goblins (D:1)
  3 hobgoblins (D:1)
  3 jackals (D:1)
  2 quokkas (D:1)
  A frilled lizard (D:1)
  7 kobolds
  5 rats
40 creatures vanquished.

Vanquished Creatures (others)
  A quokka (D:2)
1 creature vanquished.

Grand Total: 41 creatures vanquished

Notes
Turn   | Place    | Note
-------+----------+-------------------------------------------
     0 | D:1      | Naukatti the Merfolk Berserker began the quest for the Orb.
     0 | D:1      | Reached XP level 1. HP: 18/18 MP: 1/1
   175 | D:1      | Reached XP level 2. HP: 20/24 MP: 2/2
   605 | D:1      | Reached XP level 3. HP: 29/29 MP: 3/3
   621 | D:1      | Reached skill level 5 in Polearms
   692 | D:1      | Reached ** piety under Trog
  2157 | D:2      | Noticed Sigmund
  2182 | D:2      | Slain by Sigmund

Illustrated notes

Levels and vault maps discovered:
D:1:      lemuel_arrival_muddy, layout_loops_ring
D:2:      layout_rooms, item_on_display_a, uniq_sigmund, uniq_jessica

Skill      XL: |  1  2  3 |
---------------+----------+-----
Dodging        | 3 |  3.2
Polearms       | 5 |  5.3
Fighting       | |  3.7
Armour         | |  1.5
Stealth        | |  0.6

Action                     || total
---------------------------++-------
  Melee: Spear             ||   102
         Unarmed           ||     8
    Use: Potion            ||     3
   Stab: Sleeping          ||     1
 Armour: Animal skin       ||    52
         Skin              ||     8
  Dodge: Dodged            ||    67
